 Dungeon Crawl Stone Soup version 0.25-a0-435-g4b9beb1024 (webtiles) character file.

Game seed: 3291054371470361760, levelgen mode: deterministic

5 Esekla the Ducker (level 1, -10/11 HPs)
             Began as a Spriggan Abyssal Knight on Jan 29, 2020.
             Was a Follower of Lugonu.
             Mangled by a large abomination (19 damage)
             ... on level 1 of the Abyss.
             The game lasted 00:02:34 (258 turns).

Esekla the Ducker (Spriggan Abyssal Knight)          Turns: 258, Time: 00:02:35

Health: -10/11     AC:  2    Str:  8    XL:     1   Next: 66%
Magic:  3/3        EV: 19    Int: 13    God:    Lugonu [*.....]
Gold:   6          SH:  0    Dex: 15    Spells: 1/1 levels left

rFire    . . .     SeeInvis +   a - +1 short sword
rCold    . . .     Gourm    .   (shield restricted)
rNeg     . . .     Faith    .   b - +0 robe
rPois    .         Spirit   .   (helmet restricted)
rElec    .         Reflect  .   (no cloak)
rCorr    .         Harm     .   (gloves unavailable)
MR       .....                  (boots unavailable)
Stlth    +.........             (no amulet)
HPRegen  0.03/turn              (no ring)
MPRegen  0.08/turn              (no ring)

@: very quick
A: very small, unfitting armour, see invisible, herbivore, speed 3, slow
metabolism 2
a: Depart the Abyss, Renounce Religion


You were on level 1 of the Abyss.
You worshipped Lugonu.
Lugonu was aware of your devotion.
You were not hungry.

You visited 0 branches of the dungeon, and saw 0 of its levels.
You visited the Abyss 1 time.

You collected 6 gold pieces.

Inventory:

Hand Weapons
 a - a +1 short sword (weapon)
Armour
 b - a +0 robe (worn)
Scrolls
 d - a scroll of identify {unknown}
 e - a scroll of enchant armour {unknown}
 f - a scroll of magic mapping {unknown}
Comestibles
 c - 3 rations


   Skills:
 - Level 2.4 Fighting
 * Level 2.3 Short Blades
 + Level 3.7 Dodging
 * Level 0.6 Spellcasting
 + Level 1.8 Invocations


You had one spell level left.
You didn't know any spells.
Your spell library was empty.

Dungeon Overview and Level Annotations

Branches:
Dungeon (0/15)

Altars:


Innate Abilities, Weirdness & Mutations

You are very small and have problems with some larger weapons.
You are too small for most types of armour.
You have supernaturally acute eyesight. (SInv)
You are a herbivore.
You cover ground extremely quickly.
You need to consume almost no food.


Message History

The ufetubus barely misses you. The ufetubus completely misses you.
You completely miss the ufetubus.
The ufetubus is severely wounded.
The ufetubus closely misses you. The ufetubus hits you.
The ufetubus misses you. x2
You hit the ufetubus.
The ufetubus is almost dead.
The ufetubus hits you. The ufetubus closely misses you.
You hit the ufetubus.
You kill the ufetubus!
Found a scroll labeled PEREUN COALI.
A large abomination comes into view.
f - a scroll labeled PEREUN COALI
There are no items here.
You start resting.
The large abomination is too close now for your liking.
The large abomination misses you. The large abomination hits you!!
Ouch! That really hurt!
You die...

## #. . . ...
.# ## .##
.... . .. . .
.##. ≈.# #
#... # # # ≈
≈#.#. . .
♣≈#≈
.≈#≈....## #
≈ ♣ . .#
#.#.#
#####...... .
# #@###.....
..#.# ###X.#.
##.... #
########.#
....# #
###.X.#.# #.#
# #.. .
#.##..## . #
# #. #..####
#..#.## ..# #
.. . ..#...##
.. #
..#.#..#.##..
#. ..X. # .#
#.#


You could see a large abomination.

Vanquished Creatures
  An ufetubus (Abyss:1)
1 creature vanquished.

Notes
Turn   | Place    | Note
-------+----------+-------------------------------------------
     0 | Abyss:1  | Esekla the Spriggan Abyssal Knight began the quest for the
                  | Orb.
     0 | Abyss:1  | Reached XP level 1. HP: 11/11 MP: 3/3
    84 | Abyss:1  | Noticed a large abomination
   106 | Abyss:1  | Found a corrupted altar of Lugonu.
   118 | Abyss:1  | Noticed a small abomination
   126 | Abyss:1  | Noticed an ice dragon zombie
   171 | Abyss:1  | Noticed a small abomination
   231 | Abyss:1  | Noticed a large abomination
   258 | Abyss:1  | Mangled by a large abomination

Levels and vault maps discovered:
Abyss:1:  evilmike_abyss_exit_kraken

Action                   || total
-------------------------++-------
Melee: Short sword       ||     4
Dodge: Dodged            ||     7

Table legend:
 A = Non-vault XP
 B = Vault XP
 C = Vault XP percentage of total XP
 D = Non-vault monster count
 E = Vault monster count
 F = Vault count percentage of total count
                 A         B        C        D         E       F
            +---------+---------+-------+---------+---------+-------
      Total |       8 |       0 |   0.0 |       1 |       0 |   0.0
            +---------+---------+-------+---------+---------+-------
    Abyss:1 |       8 |       0 |   0.0 |       1 |       0 |   0.0
            +---------+---------+-------+---------+---------+-------
